Map: Deathaura LE

Players

sStormSCII

  • Race: Protoss Protoss
  • League: Master
  • Spawn Location: 11:00

ViBE - Winner!

  • Race: Protoss Protoss
  • League: Silver
  • Spawn Location: 5:00

VOD

https://www.youtube.com/watch?v=VjhJ7E-kFgw&list=PLFeZeom2b4DnD3FIu7pzkXl51JX_WWz2h&index=2

Description

Time

  • Played on: March 11, 2021, 9:27 p.m.
  • Length: 12:59
Show
View Real Time Build Order
Export as new Build Order

sStormSCII Protoss 

Build Orders:  

Get SALT Encoding   

  12  0:00  Probe  
  13  0:13  Probe  
  14  0:18  Pylon  
  14  0:25  Probe (Chrono Boost)  
  15  0:36  Probe (Chrono Boost)  
  15  0:41  Gateway  
  16  0:44  Probe  
  17  0:57  Assimilator  
  17  1:00  Probe  
  18  1:13  Probe  
  19  1:27  Probe  
  20  1:40  Cybernetics Core  
  20  1:56  Probe  
  20  1:57  Pylon  
  21  2:04  Pylon  
  21  2:10  Nexus  
  21  2:14  Probe  
  22  2:17  Adept (Chrono Boost)  
  22  2:19  Assimilator  
  22  2:20  Warp Gate  
  24  2:33  Gateway  
  24  2:36  Probe (Chrono Boost)  
  25  2:39  Adept  
  27  2:47  Probe (Chrono Boost)  
  28  2:57  Forge  
  28  3:03  Gateway  
  28  3:18  Twilight Council  
  28  3:22  Adept  
  28  3:26  Probe (Chrono Boost)  
  31  3:36  Probe (Chrono Boost)  
  32  3:41  Probe (Chrono Boost)  
  32  3:43  Sentry  
  35  3:52  Adept, Probe  
  35  3:54  Adept  
  40  4:01  Probe  
  41  4:04  Probe  
  44  4:10  Protoss Ground Weapons Level 1, Sentry  
  44  4:24  Adept  
  46  4:28  Probe  
  46  4:29  Probe  
  48  4:33  Charge (Chrono Boost)  
  48  4:44  Probe  
  48  4:45  Probe  
  50  4:53  Pylon  
  50  4:57  Pylon  
  50  5:02  Gateway  
  50  5:06  Adept  
  52  5:07  Adept  
  52  5:26  Probe  
  53  5:29  Probe  
  54  5:38  Probe  
  54  5:40  Stalker  
  54  5:41  Stalker x2  
  61  5:50  Gateway  
  61  6:05  Zealot x4  
  69  6:12  Pylon  
  69  6:16  Protoss Ground Armor Level 1 (Chrono Boost)  
  47  6:27  Zealot  
  47  6:28  Zealot x3  
  49  6:38  Gateway  
  45  6:40  Gateway  
  45  6:43  Resonating Glaives  
  45  6:50  Zealot x4  
  45  6:51  Zealot  
  55  7:00  Probe  
  38  7:24  Pylon  
  38  7:27  Photon Cannon  
  38  7:28  Photon Cannon  
  38  7:30  Photon Cannon  
  38  7:33  Photon Cannon  
  38  7:38  Probe  
  38  7:43  Assimilator  
  39  7:46  Stalker x2  
  39  7:47  Stalker x5  
  53  7:58  Probe  
  54  8:15  Assimilator, Protoss Ground Weapons Level 2 (Chrono Boost)  
  54  8:26  Zealot  
  54  8:27  Zealot x6  
  64  8:48  Zealot x5  
  56  8:49  Zealot x2  
  56  8:59  Photon Cannon  
  44  9:03  Photon Cannon  
  44  9:08  Photon Cannon  
  40  9:11  Stalker x2  
  40  9:12  Stalker  
  44  9:40  Zealot x2  
  44  9:41  Zealot x5  
  40  10:13  Nexus  
  40  10:17  Zealot x4  
  40  10:38  Probe x2  
  40  10:41  Protoss Shields Level 1  
  42  10:46  Zealot x4  
  42  10:47  Zealot  
  42  11:07  Pylon  
  42  11:11  Pylon  
  42  11:14  Pylon  
  42  11:33  Probe (Chrono Boost)  
  45  11:43  Probe (Chrono Boost)  
  45  11:44  Probe x2 (Chrono Boost)  
  46  11:48  Probe (Chrono Boost)  
  47  11:56  Gateway  
  47  11:59  Probe  
  47  12:00  Gateway  
  48  12:02  Gateway  
  48  12:03  Gateway  
  48  12:06  Gateway  
  47  12:11  Probe  
  47  12:12  Gateway  
  48  12:18  Photon Cannon x2  
  48  12:20  Photon Cannon  
  48  12:21  Photon Cannon  
  47  12:23  Photon Cannon x2  
  46  12:32  Pylon  
  46  12:35  Pylon  
Show
View Real Time Build Order
Export as new Build Order

ViBE Protoss - Winner!

Build Orders: 1 Gate Expand 

Get SALT Encoding   

  12  0:00  Probe  
  13  0:12  Probe  
  14  0:24  Probe  
  14  0:27  Pylon  
  15  0:45  Probe  
  15  0:46  Gateway  
  16  0:50  Assimilator  
  16  0:57  Probe  
  17  1:09  Probe  
  18  1:22  Nexus  
  18  1:24  Probe  
  19  1:31  Assimilator  
  19  1:36  Probe  
  20  1:41  Cybernetics Core  
  20  1:48  Probe  
  20  1:50  Pylon  
  21  2:00  Probe (Chrono Boost)  
  22  2:11  Probe (Chrono Boost)  
  23  2:15  Probe (Chrono Boost)  
  23  2:16  Pylon  
  23  2:20  Stalker  
  23  2:22  Warp Gate  
  26  2:27  Probe  
  27  2:36  Probe (Chrono Boost)  
  28  2:44  Probe (Chrono Boost)  
  29  2:48  Probe (Chrono Boost)  
  29  2:50  Stalker  
  32  2:53  Probe x2 (Chrono Boost)  
  32  2:56  Robotics Facility  
  34  3:00  Gateway  
  34  3:02  Probe  
  35  3:11  Probe (Chrono Boost)  
  36  3:15  Probe (Chrono Boost)  
  37  3:23  Probe (Chrono Boost)  
  39  3:27  Probe (Chrono Boost)  
  39  3:33  Pylon  
  39  3:34  Probe x2 (Chrono Boost)  
  39  3:37  Stalker  
  43  3:45  Pylon  
  43  3:48  Observer  
  44  3:53  Probe x2  
  46  4:02  Nexus  
  46  4:05  Probe  
  46  4:06  Probe  
  46  4:07  Pylon  
  48  4:11  Immortal  
  48  4:16  Assimilator  
  52  4:19  Stalker  
  52  4:20  Assimilator, Stalker  
  56  4:37  Probe x2  
  58  4:49  Probe  
  58  4:50  Probe  
  58  4:51  Stalker x2  
  64  4:54  Immortal  
  68  5:02  Pylon, Probe x2  
  70  5:17  Pylon  
  70  5:22  Probe x2  
  70  5:23  Pylon, Probe  
  70  5:24  Stalker  
  70  5:25  Stalker  
  81  5:35  Immortal  
  81  5:37  Probe x3  
  84  5:44  Pylon  
  84  5:46  Pylon  
  84  5:49  Stalker, Probe x3  
  89  5:50  Stalker  
  91  6:07  Probe x2  
  91  6:08  Probe  
  94  6:15  Immortal  
  98  6:19  Probe  
  98  6:20  Stalker x2, Probe  
  92  6:41  Nexus  
  92  6:42  Pylon  
  92  6:43  Probe x3  
  92  6:45  Pylon  
  95  6:48  Stalker x2  
  95  6:53  Twilight Council  
  99  6:56  Forge  
  99  6:58  Gateway  
  99  7:00  Gateway  
  93  7:03  Gateway  
  93  7:05  Assimilator, Gateway  
  93  7:06  Assimilator, Immortal  
  89  7:11  Stalker  
  89  7:12  Stalker  
  89  7:13  Probe  
  89  7:14  Probe x2  
  92  7:26  Probe x3  
  95  7:34  Stalker  
  95  7:36  Stalker  
  99  7:39  Probe  
  99  7:40  Probe x2  
  99  7:43  Protoss Ground Weapons Level 1  
  102  7:46  Immortal  
  106  7:53  Pylon  
  106  7:54  Probe x2  
  106  7:55  Probe  
  106  7:56  Pylon  
  109  8:01  Probe  
  110  8:06  Probe x2  
  110  8:07  Probe  
  113  8:14  Stalker  
  113  8:15  Nexus, Stalker x2  
  113  8:16  Pylon, Stalker x2  
  113  8:17  Stalker  
  113  8:19  Pylon  
  124  8:30  Immortal  
  128  8:38  Assimilator  
  128  8:39  Assimilator, Stalker  
  128  8:40  Stalker  
  128  8:41  Stalker x2  
  134  8:42  Stalker x2  
  124  8:57  Probe x2  
  124  8:58  Probe x2  
  124  9:09  Probe  
  123  9:11  Gateway  
  123  9:12  Gateway  
  123  9:15  Gateway  
  117  9:17  Gateway x2  
  117  9:18  Gateway  
  117  9:20  Gateway  
  117  9:23  Gateway  
  117  9:27  Stalker  
  117  9:28  Stalker x2  
  117  9:29  Stalker  
  117  9:30  Stalker x2  
  123  9:33  Immortal  
  123  9:37  Robotics Facility  
  125  9:41  Gateway  
  125  9:43  Gateway  
  125  9:45  Gateway  
  125  9:49  Gateway  
  125  9:51  Gateway  
  125  9:52  Gateway, Stalker x2  
  127  9:53  Stalker  
  127  9:54  Stalker x2  
  127  9:55  Stalker  
  127  9:56  Protoss Ground Weapons Level 2 (Chrono Boost)  
  131  10:11  Stalker x2  
  131  10:12  Stalker  
  133  10:15  Stalker x2  
  133  10:16  Stalker x2  
  133  10:17  Stalker  
  133  10:19  Stalker  
  133  10:20  Stalker  
  147  10:22  Stalker  
  147  10:23  Stalker  
  147  10:24  Stalker  
  147  10:25  Stalker  
  147  10:28  Immortal  
  155  10:32  Immortal  
  159  10:58  Nexus  
  159  11:00  Pylon  
  159  11:01  Stalker  
  159  11:02  Stalker x2  
  159  11:03  Stalker x2  
  159  11:04  Stalker  
  167  11:11  Stalker x4  
  169  11:12  Stalker x3  
  169  11:13  Stalker  
  169  11:14  Stalker  
  169  11:15  Stalker  
  187  11:48  Stalker  
  187  11:49  Stalker x2  
  187  11:50  Stalker x2  
  187  11:51  Stalker  
Tags
 
Matchup
PvP
Player
ViBE
Replay Pack
Bronze_League
Spawn Locations
Cross Positions
Add a new tag
Caveats
  • Supply blocks, unpowered buildings, or Contaminate may cause inaccurate times.
  • Supply counts are checked every 10 seconds.